 Dungeon Crawl Stone Soup version 0.25.1-2-g60ff931df9 (webtiles) character file.

Game seed: 16730323893545412070

80 demenzo the Chucker (level 4, 0/72 HPs)
             Began as an Ogre Hunter on Oct 14, 2020.
             Slain by an adder (1 damage)
             ... on level 2 of the Dungeon.
             The game lasted 00:04:16 (2333 turns).

demenzo the Chucker (Ogre Hunter)                   Turns: 2333, Time: 00:04:17

Health: 0/72       AC:  3    Str: 17    XL:     4   Next: 39%
Magic:  4/4        EV: 10    Int: 12    God:
Gold:   85         SH:  0    Dex:  9    Spells: 3/3 levels left

rFire    + . .     SeeInvis .   a - +0 short sword
rCold    + . .     Gourm    .   (no shield)
rNeg     . . .     Faith    .   b - +0 robe
rPois    .         Spirit   .   (helmet restricted)
rElec    .         Reflect  .   k - scarf {rC+ rF+}
rCorr    .         Harm     .   (gloves unavailable)
MR       .....                  (boots unavailable)
Stlth    ..........             (no amulet)
HPRegen  0.22/turn              (no ring)
MPRegen  0.09/turn              (no ring)

@: berserking, lethally poisoned (0 -> -4), very quick
A: large, unfitting armour, tough skin 1
a: no special abilities


You were on level 2 of the Dungeon.
You were not hungry.

You visited 1 branch of the dungeon, and saw 2 of its levels.

You collected 85 gold pieces.

Inventory:

Hand Weapons
 a - a +0 short sword (weapon)
 s - a +0 whip
 u - a +0 giant club
Missiles
 d - 2 throwing nets
 e - 74 stones
 p - 5 boomerangs (quivered)
Armour
 b - a +0 robe (worn)
 k - a scarf of resistance (worn)
Jewellery
 r - a +4 ring of protection {unknown}
 y - an uncursed amulet of the acrobat {unknown}
Wands
 A - a wand of iceblast (14)
Scrolls
 h - a scroll of remove curse {unknown}
 j - a scroll of random uselessness {unknown}
 l - a scroll of noise {unknown}
 m - 4 scrolls of identify {unknown}
 o - a scroll of fog {unknown}
 q - 2 scrolls of teleportation {unknown}
 t - 3 scrolls of magic mapping {unknown}
 v - a scroll of amnesia {unknown}
 x - 3 scrolls of enchant armour {unknown}
Potions
 i - a potion of flight {unknown}
 n - 2 potions of berserk rage
 w - a potion of heal wounds {unknown}
 z - a potion of magic {unknown}
 B - a potion of mutation {unknown}
Comestibles
 f - 3 rations


   Skills:
 + Level 4.1 Fighting
 + Level 1.0 Maces & Flails
 + Level 5.0 Throwing
 - Level 1.7 Dodging
 - Level 0.6 Stealth


You had 3 spell levels left.
You didn't know any spells.
Your spell library was empty.

Dungeon Overview and Level Annotations

Branches:
Dungeon (2/15)

Altars:


Innate Abilities, Weirdness & Mutations

You are too large for most types of armour.
You have tough skin. (AC +1)


Message History

Press: ? - help, Shift-Dir - straight line, f/p - adder
Aim: an adder (lightly wounded)
You throw a boomerang. The boomerang misses the adder.
* * * LOW HITPOINT WARNING * * *
You feel sick. The adder barely misses you. The adder bites you.
* * * LOW HITPOINT WARNING * * *
It was a potion of berserk rage.
A red film seems to cover your vision as you go berserk!
You feel yourself moving faster!
You feel mighty! The adder bites you.
* * * LOW HITPOINT WARNING * * *
Unknown command.
You hit the adder.
The adder is moderately wounded.
* * * LOW HITPOINT WARNING * * *
You feel sick. The adder closely misses you.
You barely miss the adder.
The adder is moderately wounded.
* * * LOW HITPOINT WARNING * * *
You feel sick. The adder bites you.
You die...

##################
.รท....#...#...#=!#
##....'...+....?
...##.#...#...#
#.....######'#####
.........(....gS@#
######.#.####.####
# ##...# #..#
#####..#####.##
.............#
#####.######## #
#.#.# # #.#.# #
#.#<#


You could see an adder and a hobgoblin.

Vanquished Creatures
  A gnoll (D:2)
  2 adders (D:2)
  An ooze (D:1)
  3 dart slugs (D:2)
  3 leopard geckos (D:2)
  3 bats (D:2)
  2 giant cockroaches
  3 hobgoblins (D:1)
  2 kobolds
  A quokka (D:2)
  4 ball pythons
  4 frilled lizards (D:2)
  5 goblins
  10 rats
44 creatures vanquished.

Notes
Turn   | Place    | Note
-------+----------+-------------------------------------------
     0 | D:1      | demenzo the Ogre Hunter began the quest for the Orb.
     0 | D:1      | Reached XP level 1. HP: 22/22 MP: 1/1
   296 | D:1      | Reached XP level 2. HP: 31/31 MP: 2/2
   951 | D:2      | Reached XP level 3. HP: 31/37 MP: 3/3
  1834 | D:2      | Reached XP level 4. HP: 48/48 MP: 4/4
  2032 | D:2      | Reached skill level 1 in Maces & Flails
  2032 | D:2      | Reached skill level 5 in Throwing
  2330 | D:2      | HP: 2/48 [adder (5)]
  2333 | D:2      | Slain by an adder

Illustrated notes

Levels and vault maps discovered:
D:1:      onia_arrival_handbag, layout_rooms
D:2:      minmay_thinvault, layout_basic, kennysheep_generic_room_6

Skill      XL: |  1  2  3  4 |
---------------+-------------+-----
Fighting       | 3 4 |  4.1
Maces & Flails | 1 |  1.0
Throwing       | 5 |  5.0
Dodging        | |  1.7
Stealth        | |  0.6

Action                   |  1- 3 |  4- 6 || total
-------------------------+-------+-------++-------
Melee: Short sword       |   130 |    45 ||   175
Throw: Boomerang         |     8 |     9 ||    17
       Large rock        |       |     5 ||     5
  Use: Potion            |       |     1 ||     1
 Stab: Sleeping          |     1 |     1 ||     2
  Eat: Chunk             |     3 |     2 ||     5
Armor: Robe              |    43 |    10 ||    53
Dodge: Dodged            |    71 |    36 ||   107
